 Dungeon Crawl Stone Soup version 0.21-a0-135-g8dc100c (webtiles) character file.

2105 HateThisGame the Vexing (level 9, 0/57 HPs)
             Began as a Mummy Enchanter on July 17, 2017.
             Was an Initiate of Ashenzari.
             Slain by a two-headed ogre (10 damage)
             ... on level 8 of the Dungeon.
             The game lasted 00:29:06 (11370 turns).

HateThisGame the Vexing (Mummy Enchanter)          Turns: 11370, Time: 00:29:07

Health: 0/57       AC:  6    Str: 12    XL:     9   Next: 7%
Magic:  9/17       EV: 12    Int: 17    God:    Ashenzari [......]
Gold:   310        SH:  0    Dex: 12    Spells: 7/19 levels left

rFire    . . .     SeeInvis .   i - +2 dagger (vamp)
rCold    . . .     Gourm    .   (no shield)
rNeg     + + +     Faith    .   b - +0 robe
rPois    ∞         Spirit   .   e - +0 helmet
rElec    .         Reflect  .   m - +2 cloak (curse)
rCorr    .         Harm     .   (no gloves)
MR       +....                  (no boots)
Stlth    +++.......             (no amulet)
HPRegen  0.19/turn              p - ring of fire
MPRegen  0.15/turn              (no ring)

@: no status effects
A: no food or potions, fire vulnerability, cold resistance 1, negative energy
resistance 3, torment resistance, unbreathing
a: Curse Item, Renounce Religion


You were on level 8 of the Dungeon.
You worshipped Ashenzari.
Ashenzari was noncommittal.
You were not hungry.

You visited 2 branches of the dungeon, and saw 9 of its levels.

You collected 310 gold pieces.

Inventory:

Hand Weapons
 a - a +1 dagger
 g - a +0 blowgun
 i - a +2 vampiric dagger (weapon)
Missiles
 j - 23 poisoned needles
Armour
 b - a +0 robe (worn)
 e - a +0 helmet (worn)
 m - a cursed +2 cloak (worn)
 r - a +0 shield
Jewellery
 p - a ring of fire (left hand)
Wands
 o - a wand of iceblast (9/15)
Scrolls
 d - 3 scrolls of enchant weapon
 f - 3 scrolls of magic mapping
 h - 2 scrolls of recharging
 k - 3 scrolls of identify
 n - a scroll of fog
 q - a scroll of blinking
 s - 3 scrolls of teleportation
 t - 2 scrolls of remove curse
Books
 c - a book of Maledictions

   Spells                             Type                      Level
   a - Corona                         Hexes                        1
   b - Ensorcelled Hibernation        Hexes/Ice                    2
   c - Confuse                        Hexes                        3
   d - Tukima's Dance                 Hexes                        3
   e - Dazzling Spray                 Conjuration/Hexes            3


   Skills:
 + Level 5.4 Short Blades
 - Level 1.5 Dodging
 + Level 5.0 Stealth
 + Level 5.5 Spellcasting
 - Level 7.0 Hexes
 - Level 2.0 Ice Magic


You had 7 spell levels left.
You knew the following spells:

 Your Spells              Type           Power        Failure   Level  Hunger
a - Corona                Hex            ####...      1%          1    N/A
b - Ensorcelled Hibernat  Hex/Ice        ###...       3%          2    N/A
c - Confuse               Hex            ####....     2%          3    N/A
d - Tukima's Dance        Hex            ####....     2%          3    N/A
e - Dazzling Spray        Conj/Hex       ###...       10%         3    N/A

Dungeon Overview and Level Annotations

Branches:
Dungeon (8/15)             Temple (1/1) D:4
   Lair: D:8-11

Altars:
Ashenzari
Cheibriados
Elyvilon
Fedhas
Hepliaklqana
Kikubaaqudgha
Makhleb
Nemelex Xobeh
Okawaru
Qazlal
Ru
Trog
Uskayaw
Vehumet
Wu Jian
Xom
Yredelemnul
Zin
The Shining One
Lugonu

Shops:
D:4 }   D:7 [

Annotations:
D:4 exclusion: downstairs


Innate Abilities, Weirdness & Mutations

You do not eat or drink.
Your flesh is vulnerable to fire.
You are immune to poison.
Your flesh is cold resistant. (rC+)
You are immune to negative energy. (rN+++)
You are immune to unholy pain and torment.
You can survive without breathing.


Message History

The two-headed ogre hits you with a giant club!!
Casting: Ensorcelled Hibernation
Confirm with . or Enter, or press ? or * to list all spells.
Aiming: Tukima's Dance
Press: ? - help, Shift-Dir - straight line, f/p - two-headed ogre
Aim: a two-headed ogre, wielding a giant club (severely wounded, chance to defeat MR: 50%)
The giant club dances into the air!
You barely miss the two-headed ogre.
The two-headed ogre is severely wounded.
The two-headed ogre hits you. The two-headed ogre barely misses you.
You hit the two-headed ogre but do no damage.
The two-headed ogre is severely wounded.
The two-headed ogre closely misses you. The two-headed ogre hits you.
You are too injured to fight recklessly!
You hit the two-headed ogre but do no damage.
The two-headed ogre is severely wounded.
The two-headed ogre hits you!
* * * LOW HITPOINT WARNING * * *
The two-headed ogre hits you!
You die...

#.#.........
#...........
#>......... #......#
#......#...(#
#.######..#(# #
..........#.#
#########O#.#
.......@!.#
#######.######
##.######............
#....%..#.###.###...#
######....# #.# .#
#.........# #.#
##.##.....###.###
#.##.....#.....#
#.##.....#.....#


You could see a two-headed ogre and 2 friendly dancing weapons.

Vanquished Creatures
  Eustachio (D:6)
  2 sky beasts (D:5)
  A black bear (D:6)
  A phantom (D:5)
  An ice beast (D:4)
  2 ogres
  A bullfrog (D:6)
  A gnoll sergeant (D:6)
  2 scorpions
  2 howler monkeys
  4 crimson imps
  2 centaur zombies
  2 centaur skeletons
  2 orc priests (D:7)
  3 hounds
  5 orc wizards
  An iguana (D:6)
  6 worker ants
  A worker ant zombie (D:6)
  3 gnolls (D:6)
  6 adders
  A shadow imp (D:6)
  3 adder zombies
  An adder skeleton (D:4)
  3 worms
  A dart slug (D:4)
  6 leopard geckos
  26 orcs
  8 bats
  5 giant cockroaches
  9 goblins
  8 hobgoblins
  7 jackals
  4 quokkas
  A ball python (D:4)
  4 frilled lizards
  2 jackal zombies
  8 kobolds
  A quokka skeleton (D:7)
  8 rats
155 creatures vanquished.

Vanquished Creatures (collateral kills)
  An orc warrior (D:6)
  An orc (D:6)
2 creatures vanquished.

Vanquished Creatures (others)
  A dancing weapon (D:6)
1 creature vanquished.

Grand Total: 158 creatures vanquished

Notes
Turn   | Place    | Note
-------+----------+-------------------------------------------
     0 | D:1      | HateThisGame the Mummy Enchanter began the quest for the Orb.
     0 | D:1      | Reached XP level 1. HP: 13/13 MP: 4/4
   226 | D:1      | Reached skill level 3 in Hexes
   445 | D:1      | Reached XP level 2. HP: 9/19 MP: 1/5
   600 | D:1      | Learned a level 2 spell: Ensorcelled Hibernation
  1475 | D:1      | Reached XP level 3. HP: 23/24 MP: 0/7
  1883 | D:2      | Reached skill level 4 in Hexes
  1953 | D:2      | Learned a level 3 spell: Confuse
  2497 | D:2      | Reached XP level 4. HP: 30/30 MP: 8/8
  3327 | D:2      | Reached skill level 1 in Ice Magic
  4684 | D:3      | Found a burning altar of Makhleb.
  4685 | D:3      | Found a bloodstained altar of Trog.
  4686 | D:3      | Found an ornate altar of the Wu Jian Council.
  4690 | D:3      | Found a sparkling altar of Nemelex Xobeh.
  4703 | D:3      | Found an iron altar of Okawaru.
  4804 | D:4      | Reached XP level 5. HP: 35/35 MP: 3/9
  4855 | D:4      | Found a snail-covered altar of Cheibriados.
  4873 | D:4      | Found a basalt altar of Yredelemnul.
  5126 | D:4      | Noticed an ogre
  5303 | D:4      | Noticed an ice beast
  5586 | D:4      | Found an ancient bone altar of Kikubaaqudgha.
  5588 | D:4      | Found a hide-covered altar of Uskayaw.
  5670 | D:4      | Found a basalt altar of Yredelemnul.
  5724 | D:4      | Found Aphop's Gadget Boutique.
  5794 | D:4      | Found a staircase to the Ecumenical Temple.
  5816 | D:4      | Reached skill level 1 in Short Blades
  5816 | D:4      | Reached skill level 5 in Hexes
  6057 | Temple   | Entered the Ecumenical Temple
  6072 | Temple   | Became a worshipper of Ashenzari the Shackled
  6230 | D:4      | Killed an ogre
  6230 | D:4      | Reached XP level 6. HP: 41/41 MP: 6/10
  6410 | D:4      | Found a shimmering altar of Xom.
  6620 | D:4      | Killed an ice beast
  6710 | D:5      | Entered Level 5 of the Dungeon
  6828 | D:4      | Learned a level 3 spell: Tukima's Dance
  7461 | D:5      | Noticed a sky beast
  7696 | D:5      | Noticed a sky beast
  7720 | D:5      | Killed a sky beast
  7720 | D:5      | Reached skill level 6 in Hexes
  7720 | D:5      | Reached XP level 7. HP: 40/46 MP: 8/11
  8120 | D:5      | Found a white marble altar of Elyvilon.
  8884 | D:5      | Found a blossoming altar of Fedhas.
  8994 | D:5      | Reached skill level 7 in Hexes
  8994 | D:5      | Reached XP level 8. HP: 44/52 MP: 2/12
  9111 | D:6      | Noticed Eustachio
  9137 | D:6      | Killed Eustachio
  9539 | D:6      | Found a radiant altar of Vehumet.
  9820 | D:6      | Reached skill level 5 in Short Blades
 10228 | D:6      | Reached skill level 5 in Spellcasting
 10666 | D:7      | Reached XP level 9. HP: 57/57 MP: 13/16
 10746 | D:7      | Learned a level 3 spell: Dazzling Spray
 10767 | D:7      | Found Vicavoys's Armour Shop.
 10839 | D:7      | Reached skill level 5 in Stealth
 11352 | D:8      | Noticed a two-headed ogre
 11370 | D:8      | Slain by a two-headed ogre

Vault maps used:
D:1:      dpeg_arrival_connections, minmay_misc_feat_four_crosses,
          minmay_close_crescents
D:2:      serial_co_window_serial, co_window_of_opportunity_a,
          co_window_of_opportunity_a, co_window_corner_a, co_window_paths_b,
          co_window_paths_a, co_window_of_opportunity_a, co_window_paths_b,
          co_window_corner_a, co_window_of_opportunity_a,
          co_window_unsneaky_path_e, co_window_broadway_b, co_window_corner_cb,
          co_window_2corner, co_window_paths_d, co_window_4corner_b,
          glass_columns_c, glass_columns_a, glass_columns_b, first_bread
D:3:      minitemple
D:4:      overflow_temple_1_default, nicolae_overflow_hidden_temple,
          led_xom_imps, minmay_temple_entry_trees, serial_shops, shop,
          minmay_ruined_shrine
D:5:      kennysheep_mini_moat, fedhas_altar_4
D:6:      old_standard_altar, uniq_eustachio
D:7:      serial_shops, shop
D:8:      uniq_erica
Temple:   corrupted_temple

Skill      XL: |  1  2  3  4  5  6  7  8  9 |
---------------+----------------------------+-----
Hexes          | 3 4 5 6 7 |  7.0
Ice Magic      | 1 2 |  2.0
Short Blades   | 1 3 4 5 |  5.4
Stealth        | 3 4 5 |  5.0
Spellcasting   | 5 |  5.5
Dodging        | |  1.5

Action                   |  1- 3 |  4- 6 |  7- 9 || total
-------------------------+-------+-------+-------++-------
Melee: Dagger            |   101 |   328 |   352 ||   781
 Fire: Blowgun           |       |     6 |       ||     6
 Cast: Corona            |    13 |       |       ||    13
       Ensorcelled Hiber |    26 |    57 |    85 ||   168
       Confuse           |       |    21 |    23 ||    44
       Tukima's Dance    |       |       |     8 ||     8
Invok: Curse Item        |       |     1 |       ||     1
  Use: Scroll            |     2 |     5 |     7 ||    14
 Stab: Sleeping          |    20 |    30 |    40 ||    90
       Confused          |       |     8 |    13 ||    21
Armor: Robe              |    16 |    45 |    55 ||   116
Dodge: Dodged            |    63 |   182 |   141 ||   386
